 Dungeon Crawl Stone Soup version 0.30.1-11-g7821555f0a (webtiles) character file.

Game seed: 18407868332558190485

301582 klunsen the Bludgeoner (level 21, 158/158 HPs)
             Began as a Gargoyle Fighter on Dec 14, 2023.
             Was a High Priest of Okawaru.
             Quit the game on level 4 of the Vaults on Dec 17, 2023.
             The game lasted 04:10:40 (44572 turns).

klunsen the Bludgeoner (Gargoyle Fighter)          Turns: 44572, Time: 04:10:40

Health: 158/158    AC: 59    Str: 28    XL:     21   Next: 4%
Magic:  27/27      EV: 10    Int: 18    God:    Okawaru [*****.]
Gold:   2404       SH: 24    Dex:  9    Spells: 20/20 levels left

rFire   . . .        Z - +3 eveningstar (drain)
rCold   + + .        R - +5 kite shield {reflect}
rNeg    + + +        S - +10 plate armour of Pathos {rC+ rN++}
rPois   ∞            V - +2 helmet of Time Monsters {rC+ Regen+ Int+6}
rElec   +            A - +2 cloak
rCorr   .            W - +2 pair of gloves
SInv    .            e - +2 pair of boots
Will    ++...        B - amulet of reflection Stlth
                     y - +4 ring of slaying
HPRegen 1.26/turn    H - ring of willpower
MPRegen 0.20/turn

%: reflection
@: flying
A: sickness immunity, AC +16, big wings, negative energy resistance 1,
electricity resistance, torment resistance 1, petrification resistance,
iridescent scales 1, robust 1, inability to drink after injury 1
}: 2/15 runes: serpentine, barnacled
a: Renounce Religion, Heroism, Finesse, Duel


You were on level 4 of the Vaults.
You worshipped Okawaru.
Okawaru was extremely pleased with you.
You visited 7 branches of the dungeon, and saw 35 of its levels.

You collected 4020 gold pieces.
You spent 1616 gold pieces at shops.

Inventory:

Hand Weapons
 X - the +11 Singing Sword {sonic wave}
   (You found it on level 4 of the Shoals)
 Z - a +3 eveningstar of draining (weapon)
Missiles
 g - 152 stones (quivered)
 n - 24 javelins
 O - 9 silver javelins
Armour
 c - the +0 kite shield of Dull Contentment {Dex+2 Slay+3}
   (Okawaru gifted it to you on level 3 of the Vaults)

   Dex:       It affects your dexterity (+2).
   Slay:      It affects your accuracy & damage with ranged weapons and melee
   (+3).
 e - a +2 pair of boots (worn)
 o - a +2 helmet of see invisible
 A - a +2 cloak (worn)
 R - a +5 kite shield of reflection (worn)
 S - the +10 plate armour of Pathos (worn) {rC+ rN++}
   (You bought it in a shop on level 8 of the Dungeon)

   rC:        It protects you from cold.
   rN:        It greatly protects you from negative energy.
 V - the +2 helmet of Time Monsters (worn) {rC+ Regen+ Int+6}
   (Okawaru gifted it to you on level 15 of the Dungeon)

   Int:       It affects your intelligence (+6).
   rC:        It protects you from cold.
   Regen:     It increases your rate of health regeneration.
 W - a +2 pair of gloves (worn)
 Y - a +0 tower shield
Jewellery
 q - a ring of willpower
 y - a +4 ring of slaying (left hand)
 B - an amulet of reflection (around neck)
 C - the ring of Atremui {rN+ MP+9 Str+5}
   (You found it on level 4 of the Vaults)

   [ring of magical power]

   Str:       It affects your strength (+5).
   rN:        It protects you from negative energy.
   MP:        It affects your magic capacity (+9).
 H - a ring of willpower (right hand)
 Q - an amulet of magic regeneration
Wands
 d - a wand of paralysis (18)
 f - a wand of acid (4)
 w - a wand of mindburst (27)
 D - a wand of flame (44)
 E - a wand of digging (14)
 K - a wand of polymorph (12)
 M - a wand of iceblast (10)
Scrolls
 a - 7 scrolls of fog
 h - 9 scrolls of teleportation
 k - 20 scrolls of identify
 s - 2 scrolls of magic mapping
 x - 4 scrolls of fear
 z - a scroll of summoning
 G - 4 scrolls of amnesia
 I - a scroll of brand weapon
 L - 4 scrolls of poison
 N - 8 scrolls of blinking
 T - a scroll of enchant armour
Potions
 b - 7 potions of flight
 i - 2 potions of berserk rage
 j - 19 potions of curing
 l - a potion of invisibility
 p - 4 potions of brilliance
 r - 2 potions of might
 t - a potion of resistance
 u - 4 potions of haste
 v - 13 potions of heal wounds
 F - 3 potions of ambrosia
 P - a potion of magic
Miscellaneous
 m - a lightning rod (4/4)


   Skills:
 - Level 19.1 Fighting
 - Level 20.0 Maces & Flails
 - Level 1.7 Throwing
 - Level 15.6 Armour
 - Level 10.2 Dodging
 + Level 19.8 Shields
 - Level 9.1 Invocations
 - Level 9.1 Evocations


You had 20 spell levels left.
You didn't know any spells.
Your spell library contained the following spells:

 Spells                   Type           Power      Damage    Failure   Level
 Apportation              Tloc           0%         N/A       83%         1
 Beastly Appendage        Tmut           0%         N/A       83%         1
 Foxfire                  Conj/Fire      0%         2x1d4     83%         1
 Freeze                   Ice            0%         1d3       83%         1
 Kiss of Death            Conj/Necr      0%         2d5       83%         1
 Necrotise                Necr           0%         1d4       83%         1
 Shock                    Conj/Air       0%         1d3       83%         1
 Ensorcelled Hibernation  Hex/Ice        0%         N/A       93%         2
 Lesser Beckoning         Tloc           0%         N/A       93%         2
 Momentum Strike          Conj/Tloc      0%         3d8       93%         2
 Poisonous Vapours        Pois/Air       0%         N/A       93%         2
 Wereblood                Tmut           0%         N/A       93%         2
 Confusing Touch          Hex            0%         N/A       99%         3
 Frozen Ramparts          Ice            0%         1d1       99%         3
 Gell's Gravitas          Tloc           0%         N/A       99%         3
 Hailstorm                Conj/Ice       0%         3d3       99%         3
 Mephitic Cloud           Conj/Pois/Air  0%         N/A       99%         3
 Ozocubu's Armour         Ice            0%         N/A       99%         3
 Portal Projectile        Hex/Tloc       0%         N/A       99%         3
 Spider Form              Tmut/Pois      0%         N/A       99%         3
 Swiftness                Air            0%         N/A       99%         3
 Teleport Other           Tloc           0%         N/A       99%         3
 Airstrike                Air            0%         2d(0-16)  100%        4
 Anguish                  Hex/Necr       0%         N/A       100%        4
 Dispel Undead            Necr           0%         3d6       100%        4
 Flame Wave               Conj/Fire      0%         2d4       100%        4
 Leda's Liquefaction      Hex/Erth       0%         N/A       100%        4
 Blade Hands              Tmut           0%         N/A       100%        5
 Borgnjor's Vile Clutch   Necr/Erth      0%         N/A       100%        5
 Fireball                 Conj/Fire      0%         3d3       100%        5
 Freezing Cloud           Conj/Ice/Air   0%         6-21      100%        5
 Lee's Rapid Deconstruct  Erth           0%         3d4*      100%        5
 Metabolic Englaciation   Hex/Ice        0%         N/A       100%        5
 Plasma Beam              Fire/Air       0%         2x1d11    100%        6
 Starburst                Conj/Fire      0%         6d3       100%        6
 Fire Storm               Conj/Fire      0%         5d1       100%        9
 Summon Small Mammal      Summ           Unusable   N/A       N/A         1
 Call Canine Familiar     Summ           Unusable   N/A       N/A         3
 Tukima's Dance           Hex            Unusable   N/A       N/A         3
 Animate Dead             Necr           Unusable   N/A       N/A         4
 Death Channel            Necr           Unusable   N/A       N/A         6
 Simulacrum               Ice/Necr       Unusable   N/A       N/A         6
 Statue Form              Tmut/Erth      Unusable   N/A       N/A         6

Dungeon Overview and Level Annotations

Branches:
Dungeon (15/15)            Temple (1/1) D:7            Lair (5/5) D:8
 Shoals (4/4) Lair:3        Snake (4/4) Lair:2        Slime (0/5) Lair:4
    Orc (2/2) D:9          Vaults (4/5) D:13          Crypt (0/3) Vaults:3
 Depths (0/4) D:15
    Elf: Orc:2

Altars:
Ashenzari
Cheibriados
Dithmenos
Elyvilon
Fedhas
Gozag
Hepliaklqana
Kikubaaqudgha
Makhleb
Nemelex Xobeh
Okawaru
Qazlal
Ru
Sif Muna
Trog
Uskayaw
Vehumet
Wu Jian
Xom
Yredelemnul
Zin
The Shining One

Shops:
D:7 *   D:8 [?=*   D:11 :   Snake:4 (

Portals:
Trove: Vaults:3 (give +6 demon trident)

Annotations:
D:11 3 runed translucent doors, ripuliukko's ghost, journeyman GrEE
D:13 2 transporters, Ijustatesigmund's ghost, journeyman DEEE
D:15 3 runed translucent doors, Ewe Xiki's ghost, adept HuBe; MuffinSoup's ghost, journeyman OpHW; Uwkoecio's ghost, journeyman HOFi; Vochiuc's ghost, adept DEFE; Zazxorio's ghost, adept DsFi
Lair:3 exclusion: oklob plant


Innate Abilities, Weirdness & Mutations

You are immune to sickness and miasma.
Your stone body is resilient. (AC +16)
You are immune to poison.
Your large and strong wings let you fly.
You resist negative energy. (rN+)
You are resistant to electric shocks. (rElec)
You are resistant to unholy torment.
You are immune to petrification.
You are partially covered in iridescent scales. (AC +2)
You are robust. (+10% HP)
You occasionally lose the ability to drink potions when taking damage.


Message History

You are encased in ice.
You completely miss the ironbound frostheart.
You block the ironbound frostheart's attack.
You bludgeon the ironbound frostheart!!
The ironbound frostheart is heavily wounded.
You impale the ironbound frostheart!! You drain the ironbound frostheart!
You kill the ironbound frostheart!
Okawaru accepts your kill. The ice encasing you melts away.
Things that are here:
a +0 ring mail; a human corpse Done exploring.
Done exploring.
Done exploring.
Things that are here:
a +0 ring mail; a human corpse Done exploring.
Done exploring.
Done exploring.
Done exploring.
(D) Dungeon (T) Temple (L) Lair (A) Shoals (P) Snake Pit (M) Slime Pits (O) Orcish Mines (V) Vaults (C) Crypt (U) Depths
Where to? (Enter - Vaults:4, ? - help)
Okay, then.
Save game and exit?
Welcome back, klunsen the Gargoyle Fighter.
Okawaru says: Bring me glory in combat!
Press ? for a list of commands and other information.
Save game and exit?
Welcome back, klunsen the Gargoyle Fighter.
Okawaru says: Bring me glory in combat!
Press ? for a list of commands and other information.
Save game and exit?
Okay, then.
Saving game... please wait.
Welcome back, klunsen the Gargoyle Fighter.
Okawaru says: Bring me glory in combat!
Press ? for a list of commands and other information.
Are you sure you want to abandon this character and quit the game? (Confirm with "yes".)

# # # #
##############################
.............................#
.............................#
................@...[........#
#######'######################
........#########
........#.......#
######..###...###
.....#..#.#...#.##########
.....#..#.......#..^.....#
''#..#..#.#...#.'........#
.[#..#..###...###........#


There were no monsters in sight!

Vanquished Creatures
  A dread lich (Vaults:4)
  Saint Roka (Vaults:3)
  Vashnia (Snake:4)
  Jorgrun (Snake:1)
  A lich (Vaults:3)
  4 krakens (Shoals:2)
  Asterion (Vaults:3)
  A titan (Shoals:3)
  2 sphinxes (Vaults:4)
  Frances (D:13)
  Kirke (Shoals:4)
  2 nagarajas
  2 fire giants (Vaults:1)
  Ilsuiw (Shoals:3)
  2 frost giants (Shoals:3)
  7 vault wardens
  13 ironbound preservers
  An orc warlord (Vaults:4)
  5 very ugly things
  2 war gargoyles (Vaults:4)
  A stone giant (Shoals:3)
  10 ironbound thunderhulks
  13 dire elephants
  An ettin (Vaults:3)
  4 crystal guardians
  2 green deaths (Snake:2)
  6 merfolk javelineers (Shoals:4)
  A deep elf death mage (Shoals:1)
  Josephine (D:10)
  An entropy weaver (Vaults:2)
  10 yaktaur captains
  6 merfolk impalers
  4 salamander tyrants
  Fannar (D:11)
  7 hydras
  9 anacondas
  9 great orbs of eyes
  4 peacekeepers
  8 vault guards
  A satyr (Shoals:3)
  11 centaur warriors
  5 merfolk aquamancers
  A two-headed ogre (shapeshifter) (D:15)
  3 merfolk avatars
  An ogre mage (D:15)
  2 boulder beetles
  3 catoblepae (Lair:5)
  2 dancing weapons (D:13)
  8 two-headed ogres
  Erica (D:8)
  12 naga warriors
  13 ironbound frosthearts
  11 death yaks
  8 naga sharpshooters
  2 deep elf knights (Shoals:1)
  8 shock serpents
  4 skysharks
  6 salamander mystics
  16 sea snakes
  34 deep trolls
  A deep elf archer (Shoals:1)
  22 ironbound convokers
  3 wizards
  8 naga ritualists
  5 deep elf pyromancers
  A deep elf zephyrmancer (Shoals:1)
  16 lindwurms
  24 harpies
  18 ugly things
  A necromancer (Vaults:2)
  9 mana vipers
  4 orc knights
  A wolf spider (D:15)
  9 cyclopes
  6 fauns
  A human zombie (Vaults:2)
  13 manticores
  7 merfolk sirens
  Maurice (D:13)
  14 salamanders
  9 elephants
  15 naga magi
  27 black mambas
  5 guardian serpents
  4 gargoyles
  18 vault sentinels
  A kobold demonologist (D:9)
  3 water nymphs
  16 cane toads
  2 rime drakes (Lair:4)
  8 komodo dragons
  8 yaktaurs
  A tengu conjurer (D:14)
  3 freezing wraiths
  5 trolls
  2 polar bears
  A yaktaur skeleton (Vaults:2)
  2 hornets
  27 merfolk
  A queen bee (shapeshifter) (D:14)
  11 wind drakes
  31 slime creatures
  17 blink frogs
  9 snapping turtles
  3 shadows
  2 vampires
  A culicivora (Vaults:2)
  2 wyverns
  53 yaks
  10 water elementals
  6 wraiths
  A hog (Shoals:4)
  6 humans (Shoals:4)
  A basilisk (shapeshifter) (D:14)
  4 basilisks
  A redback (Vaults:2)
  A steam dragon (D:9)
  6 vampire mosquitoes
  A yaktaur simulacrum (Vaults:2)
  32 nagas
  6 wargs
  2 acid dragons
  A glowing shapeshifter zombie (Vaults:2)
  13 water moccasins
  13 orc warriors
  2 sky beasts
  3 black bears
  13 wolves
  8 boggarts
  4 ogres
  6 centaurs
  8 bullfrogs
  2 kobold brigands (D:7)
  A gnoll sergeant (D:13)
  5 scorpions
  A killer bee (D:8)
  6 howler monkeys
  3 electric eels
  2 jellies (D:5)
  15 orc priests
  A gnoll bouda (D:7)
  2 hounds
  A sleepcap (D:5)
  Jessica (D:2)
  3 iguanas
  17 orc wizards
  3 gnolls (D:13)
  9 adders
  A shadow imp (D:5)
  4 white imps
  An ufetubus (D:7)
  3 worms
  A dart slug (D:4)
  59 orcs
  9 endoplasms
  5 giant cockroaches
  11 goblins
  10 hobgoblins
  4 jackals (D:2)
  19 kobolds
  8 quokkas
  6 ball pythons
  A bat (D:3)
  A frilled lizard (D:3)
  7 rats
  15 tentacles (Shoals:2)
1136 creatures vanquished.

Vanquished Creatures (others)
  Frederick (Vaults:3)
  An ironbound preserver (Vaults:3)
  A naga mage (Snake:1)
  An orc wizard (Orc:1)
  A kobold (D:7)
  80 tentacles (Shoals:2)
85 creatures vanquished.

Grand Total: 1221 creatures vanquished

Notes
Turn   | Place    | Note
-------+----------+-------------------------------------------
     0 | D:1      | klunsen the Gargoyle Fighter began the quest for the Orb.
     0 | D:1      | Reached XP level 1. HP: 14/14 MP: 1/1
   177 | D:1      | Reached XP level 2. HP: 19/19 MP: 2/2
   522 | D:1      | Reached skill level 3 in Maces & Flails
   761 | D:2      | Noticed Jessica
   775 | D:2      | Killed Jessica
   776 | D:2      | Reached XP level 3. HP: 16/23 MP: 3/3
   844 | D:2      | Reached skill level 4 in Maces & Flails
   932 | D:2      | Reached XP level 4. HP: 28/28 MP: 4/4
  1276 | D:2      | Found a faded altar of an unknown god.
  1276 | D:2      | Noticed a blizzard demon
  1768 | D:3      | Reached skill level 5 in Maces & Flails
  1768 | D:3      | Reached XP level 5. HP: 32/32 MP: 5/5
  2101 | D:3      | Found a shimmering altar of Xom.
  2676 | D:4      | Reached skill level 6 in Maces & Flails
  2676 | D:4      | Reached XP level 6. HP: 33/37 MP: 6/6
  2973 | D:4      | Found a shimmering blue altar of Sif Muna.
  3095 | D:5      | Entered Level 5 of the Dungeon
  3443 | D:4      | Identified a scroll of acquirement
  3443 | D:4      | Acquired a manual of Maces & Flails
  3617 | D:5      | Reached skill level 7 in Maces & Flails
  3678 | D:5      | Reached XP level 7. HP: 30/41 MP: 7/7
  3941 | D:5      | Reached skill level 8 in Maces & Flails
  4071 | D:5      | Reached skill level 9 in Maces & Flails
  4505 | D:6      | Reached skill level 10 in Maces & Flails
  4524 | D:6      | Reached XP level 8. HP: 46/46 MP: 8/8
  4918 | D:6      | Reached skill level 11 in Maces & Flails
  5842 | D:6      | Reached skill level 12 in Maces & Flails
  6114 | D:7      | Found a staircase to the Ecumenical Temple.
  6133 | Temple   | Entered the Ecumenical Temple
  6286 | Temple   | Became a worshipper of Warmaster Okawaru
  6325 | D:7      | Identified the +9 trident of the Pyrrhic Victory {drain,
                  | rElec Dex+6}
  6351 | D:7      | Reached skill level 13 in Maces & Flails
  6614 | D:7      | Found Zin's Purification Station.
  6624 | D:7      | Found a glowing silver altar of Zin.
  6705 | D:7      | Found a sparkling altar of Nemelex Xobeh.
  6890 | D:7      | Reached skill level 14 in Maces & Flails
  6890 | D:7      | Reached XP level 9. HP: 46/52 MP: 9/9
  7164 | D:8      | Found a stormy altar of Qazlal.
  7199 | D:8      | Found Hud Fem's Magic Scroll Boutique.
  7200 | D:8      | Found Zimif's General Store.
  7200 | D:8      | Found Achuva's Jewellery Emporium.
  7202 | D:8      | Found Ume Ulo's Armour Shop.
  7208 | D:8      | Bought a ring of willpower for 375 gold pieces
  7295 | D:8      | Reached skill level 5 in Fighting
  7443 | D:8      | Found a staircase to the Lair.
  7458 | D:8      | Reached * piety under Okawaru
  7815 | D:8      | Found a shadowy altar of Dithmenos.
  8032 | D:8      | Reached ** piety under Okawaru
  8109 | D:8      | Noticed a troll
  8145 | D:8      | Noticed a hornet
  8263 | D:8      | Killed a hornet
  8336 | D:8      | Killed a troll
  8481 | D:8      | Noticed Erica
  8495 | D:8      | Killed Erica
  8496 | D:8      | Reached skill level 5 in Armour
  8496 | D:8      | Reached skill level 5 in Shields
  8496 | D:8      | Reached XP level 10. HP: 65/65 MP: 7/10
  8521 | D:8      | Found a white marble altar of Elyvilon.
  8586 | D:8      | Reached *** piety under Okawaru
  8776 | D:9      | Found a sacrificial altar of Ru.
  8858 | D:9      | Noticed a kobold demonologist
  8861 | D:9      | Noticed a sun demon
  8879 | D:9      | Noticed an orange demon
  9016 | Lair:1   | Entered Level 1 of the Lair of Beasts
  9016 | Lair:1   | Noticed a cane toad
  9275 | D:9      | Found a staircase to the Orcish Mines.
  9426 | D:9      | Gained mutation: You sometimes lose your temper in combat.
                  | [a neqoxec]
  9436 | D:9      | Gained mutation: You are dopey. (Int -2) [a neqoxec]
  9548 | D:8      | Lost mutation: You sometimes lose your temper in combat.
                  | [potion of mutation]
  9548 | D:8      | Lost mutation: You are dopey. (Int -2) [potion of mutation]
  9548 | D:8      | Gained mutation: You occasionally lose the ability to drink
                  | potions when taking damage. [potion of mutation]
  9548 | D:8      | Gained mutation: You are robust. (+10% HP) [potion of
                  | mutation]
  9548 | D:8      | Gained mutation: You are partially covered in iridescent
                  | scales. (AC +2) [potion of mutation]
  9632 | D:8      | Killed a cane toad
  9633 | D:8      | Reached skill level 1 in Throwing
  9893 | Lair:1   | Noticed a cane toad
  9900 | Lair:1   | Killed a cane toad
  9982 | Lair:1   | Reached skill level 15 in Maces & Flails
 10124 | Lair:1   | Reached **** piety under Okawaru
 10165 | Lair:1   | Received a gift from Okawaru
 10365 | Lair:1   | Noticed a black mamba
 10394 | Lair:1   | Killed a black mamba
 10432 | Lair:1   | Noticed a death yak
 10433 | Lair:1   | Noticed a death yak
 10473 | D:8      | Killed a death yak
 10474 | D:8      | Reached skill level 16 in Maces & Flails
 10474 | D:8      | Reached skill level 1 in Invocations
 10474 | D:8      | Reached XP level 11. HP: 50/75 MP: 11/11
 10641 | Lair:1   | Noticed a death yak
 10684 | Lair:1   | Killed a death yak
 10799 | Lair:1   | Noticed a death yak
 10802 | Lair:1   | Reached ***** piety under Okawaru
 10803 | Lair:1   | Reached skill level 5 in Invocations
 10804 | Lair:1   | Noticed a death yak
 10806 | Lair:1   | Noticed a death yak
 10821 | D:8      | Killed a death yak
 12044 | D:10     | Entered Level 10 of the Dungeon
 12102 | D:10     | Received a gift from Okawaru
 12213 | D:10     | Noticed Josephine
 12345 | Orc:1    | Entered Level 1 of the Orcish Mines
 12345 | Orc:1    | Noticed an orc knight
 12581 | D:9      | Killed an orc knight
 12859 | Orc:1    | Found a shimmering blue altar of Sif Muna.
 12923 | Orc:2    | Entered Level 2 of the Orcish Mines
 12923 | Orc:2    | Noticed a two-headed ogre
 12928 | Orc:2    | Reached XP level 12. HP: 83/83 MP: 18/18
 12932 | Orc:2    | Killed a two-headed ogre
 12950 | Orc:2    | Noticed a two-headed ogre
 12952 | Orc:2    | Noticed a two-headed ogre
 12962 | Orc:2    | Killed a two-headed ogre
 12964 | Orc:2    | Noticed an ogre mage
 12966 | Orc:2    | Killed a two-headed ogre
 13331 | D:8      | Killed a death yak
 13332 | D:8      | Reached skill level 17 in Maces & Flails
 13336 | D:8      | Killed a death yak
 13500 | D:8      | Killed a death yak
 14806 | Lair:2   | Noticed a six-headed hydra
 14839 | Lair:2   | Killed a six-headed hydra
 14840 | Lair:2   | Reached skill level 18 in Maces & Flails
 15055 | Lair:2   | Noticed a four-headed hydra
 15062 | Lair:2   | Killed a four-headed hydra
 15204 | Lair:2   | Found a staircase to the Snake Pit.
 15366 | Lair:3   | Reached XP level 13. HP: 70/88 MP: 19/19
 15477 | Lair:3   | Reached skill level 10 in Fighting
 16017 | Lair:3   | Found a staircase to the Shoals.
 16606 | Lair:4   | Found a staircase to the Slime Pits.
 17671 | Lair:5   | Entered Level 5 of the Lair of Beasts
 17805 | Lair:5   | Reached skill level 10 in Armour
 18675 | Lair:5   | Identified the +1 plate armour "Boly" {rElec Int+4}
                  | (Okawaru gifted it to you on level 5 of the Lair of Beasts)
 18675 | Lair:5   | Received a gift from Okawaru
 19069 | Lair:5   | Gained mutation: Your large and strong wings let you fly.
                  | [Gargoyle growth]
 19069 | Lair:5   | Reached XP level 14. HP: 87/103 MP: 14/20
 20188 | D:10     | Killed Josephine
 20477 | D:10     | Reached skill level 15 in Fighting
 20617 | D:10     | Reached skill level 1 in Evocations
 21012 | D:11     | Found a runed translucent gate.
 21012 | D:11     | Found a runed translucent gate.
 21058 | D:11     | Found Pofe's Tiny Tomes.
 21103 | D:11     | Noticed Fannar
 21111 | D:11     | Killed Fannar
 21115 | D:11     | Found a runed translucent gate.
 21299 | D:11     | Found a white marble altar of Elyvilon.
 21510 | D:11     | Found a shimmering altar of Xom.
 21566 | D:11     | Noticed ripuliukko's ghost (journeyman GrEE)
 21592 | D:12     | Received a gift from Okawaru
 22112 | D:12     | Reached skill level 5 in Evocations
 22475 | D:8      | Bought the +10 plate armour of Pathos {rC+ rN++} for 975
                  | gold pieces
 22643 | D:13     | Noticed Maurice
 22651 | D:13     | Killed Maurice
 22907 | D:13     | Found a transporter.
 22942 | D:13     | Noticed Frances
 22954 | D:13     | Killed Frances
 22955 | D:13     | Reached skill level 19 in Maces & Flails
 23136 | D:13     | Found a gate to the Vaults.
 23252 | D:13     | Noticed a frost giant
 23257 | D:13     | Noticed Ijustatesigmund's ghost (journeyman DEEE)
 23268 | D:13     | Found a transporter.
 23892 | D:14     | Reached skill level 1 in Dodging
 24054 | D:14     | Reached XP level 15. HP: 104/113 MP: 21/21
 24140 | D:14     | Found a bloodstained altar of Trog.
 24649 | D:15     | Entered Level 15 of the Dungeon
 24817 | D:15     | Reached skill level 5 in Dodging
 25316 | D:15     | Found a runed translucent gate.
 25317 | D:15     | Found a runed translucent gate.
 25318 | D:15     | Found a runed translucent gate.
 25320 | D:15     | Noticed Zazxorio's ghost (adept DsFi)
 25320 | D:15     | Noticed Uwkoecio's ghost (journeyman HOFi)
 25322 | D:15     | Noticed Ewe Xiki's ghost (adept HuBe)
 25329 | D:15     | Noticed MuffinSoup's ghost (journeyman OpHW)
 25329 | D:15     | Noticed Vochiuc's ghost (adept DEFE)
 25343 | D:15     | Identified the +2 helmet of Time Monsters {rC+ Regen+
                  | Int+6} (Okawaru gifted it to you on level 15 of the
                  | Dungeon)
 25343 | D:15     | Received a gift from Okawaru
 25860 | D:15     | Found a staircase to the Depths.
 26243 | Snake:1  | Entered Level 1 of the Snake Pit
 26423 | Lair:2   | Acquired 871 gold pieces
 26438 | Snake:1  | Noticed Jorgrun
 26450 | Snake:1  | Killed Jorgrun
 27034 | Snake:1  | Reached skill level 20 in Maces & Flails
 27892 | Snake:1  | Reached XP level 16. HP: 54/118 MP: 17/22
 28315 | Snake:2  | Found a runed translucent door.
 28356 | Snake:2  | Received a gift from Okawaru
 28932 | Snake:3  | Noticed a nagaraja
 28942 | Snake:3  | Killed a nagaraja
 30081 | Snake:4  | Entered Level 4 of the Snake Pit
 30352 | Snake:4  | Received a gift from Okawaru
 30465 | Snake:4  | Found Zuarusam's Antique Weapon Boutique.
 30472 | Snake:4  | Bought a runed morningstar for 266 gold pieces
 31039 | Snake:4  | Received a gift from Okawaru
 31353 | Snake:4  | Noticed Vashnia
 31549 | Snake:4  | Reached XP level 17. HP: 126/127 MP: 23/23
 31578 | Snake:4  | Identified the +1 scale mail of Xolumaown {*Corrode Will+
                  | Dex+4} (Okawaru gifted it to you on level 4 of the Snake
                  | Pit)
 31578 | Snake:4  | Received a gift from Okawaru
 31628 | Snake:4  | Killed Vashnia
 31629 | Snake:4  | Reached skill level 10 in Shields
 32045 | Snake:4  | Got a serpentine rune of Zot
 32349 | Shoals:1 | Entered Level 1 of the Shoals
 33793 | Shoals:2 | Noticed a kraken
 33794 | Shoals:2 | Noticed a kraken
 34047 | Shoals:2 | Killed a kraken
 34105 | Shoals:2 | Killed a kraken
 34128 | Shoals:2 | Noticed a kraken
 34155 | Shoals:2 | Killed a kraken
 34186 | Shoals:2 | Noticed a kraken
 34203 | Shoals:2 | Killed a kraken
 34931 | Shoals:3 | Noticed Ilsuiw
 34989 | Shoals:3 | Killed Ilsuiw
 35650 | Shoals:3 | Received a gift from Okawaru
 35883 | Shoals:3 | Noticed a titan
 35900 | Shoals:3 | Killed a titan
 35901 | Shoals:3 | Reached XP level 18. HP: 136/136 MP: 18/24
 36154 | Shoals:4 | Entered Level 4 of the Shoals
 36302 | Shoals:4 | Identified the staff of death "Renisch" {+Blink rN+ Will+
                  | Str+4 Dex-4}
 36548 | Shoals:4 | Received a gift from Okawaru
 36690 | Shoals:4 | Identified the +9 mace of an ossuary {heavy, rCorr Str+3}
 36776 | Shoals:4 | Identified the +3 falchion of Dashus {speed, Str+4 Dex-3}
 36782 | Shoals:4 | Found the +11 Singing Sword {sonic wave}
 36903 | Shoals:4 | Identified the +5 short sword "Paruung" {distort, *Slow
                  | rElec rF+ Dex+3}
 36909 | Shoals:4 | Noticed Kirke
 36919 | Shoals:4 | Killed Kirke
 37490 | Shoals:4 | Got a barnacled rune of Zot
 37972 | Vaults:1 | Entered Level 1 of the Vaults
 38263 | Vaults:1 | Reached ****** piety under Okawaru
 38333 | Vaults:1 | Identified the +3 robe "Ygro" {Str-2 Slay+2 Archmagi}
                  | (Okawaru gifted it to you on level 1 of the Vaults)
 38333 | Vaults:1 | Received a gift from Okawaru
 38631 | Vaults:1 | Reached XP level 19. HP: 128/145 MP: 25/25
 39576 | Vaults:2 | Got Lehudib's Lessons on Kinetic Energy
 39837 | Vaults:2 | Received a gift from Okawaru
 40158 | Vaults:2 | Identified the +1 hand crossbow of Okawaru, Chewing
                  | {freeze, MP+9} (Okawaru gifted it to you on level 2 of the
                  | Vaults)
 40158 | Vaults:2 | Received a gift from Okawaru
 40159 | Vaults:2 | Reached skill level 15 in Armour
 40386 | Vaults:2 | Reached skill level 10 in Dodging
 40950 | Vaults:3 | Noticed Asterion
 40962 | Vaults:3 | Killed Asterion
 40972 | Vaults:3 | Received a gift from Okawaru
 41113 | Vaults:3 | Noticed Saint Roka
 41123 | Vaults:3 | Killed Saint Roka
 41124 | Vaults:3 | Reached skill level 15 in Shields
 41129 | Vaults:3 | Noticed Frederick
 41188 | Vaults:3 | Reached XP level 20. HP: 56/152 MP: 26/26
 41436 | Vaults:3 | Killed Frederick
 42051 | Vaults:3 | Found a portal to a secret trove of treasure.
 42188 | Vaults:3 | Identified the +3 ring mail "Hiroto" {rElec rF+ Str-4
                  | Slay+2}
 42266 | Vaults:3 | Identified the +0 kite shield of Dull Contentment {Dex+2
                  | Slay+3} (Okawaru gifted it to you on level 3 of the Vaults)
 42266 | Vaults:3 | Received a gift from Okawaru
 42473 | Vaults:3 | Found a staircase to the Crypt.
 43582 | Vaults:4 | Noticed a dread lich
 43601 | Vaults:4 | Killed a dread lich
 44054 | Vaults:4 | Identified the ring of Atremui {rN+ MP+9 Str+5}
 44256 | Vaults:4 | Reached XP level 21. HP: 158/158 MP: 22/27
 44300 | Vaults:4 | Identified the +6 mace "Omafre Nas" {freeze, +Blink rC-
                  | Will+++ Stlth+}
 44572 | Vaults:4 | Quit the game

Illustrated notes

Levels and vault maps discovered:
D:1:      minmay_arrival_arboretum_small, layout_basic, reono_crystal_passage,
          minivault_27, minmay_distorted
D:2:      layout_basic, dreamdust_ecumenical_altar_sealed_demon,
          minmay_misc_feat_tower, uniq_jessica
D:3:      layout_basic, mainiacjoe_overflow_alcove_1
D:4:      layout_rooms, nicolae_overflow_crystal_walls
D:5:      layout_loops_ring, chequers_serial_rivers_large_b, minmay_bent
D:6:      layout_basic, kennysheep_generic_room_3
D:7:      layout_basic, nemelex_dance_club_becter, zin_purify, temple_hall
D:8:      layout_loops_ring, nicolae_qazlal_scattered_showers,
          amcnicky_altar_gilded, elyvilon_altar_5, erik_lair_orcish_takeover,
          st_stairs_6, minmay_stone_trees_small, nicolae_wooded_promenade,
          minmay_liquid_box, minmay_misc_feat_room,
          minmay_fractal_squares_diagonal_5, uniq_erica
D:9:      layout_gridville, mainiacjoe_overflow_boulevard,
          minmay_orc_entry_temple_small
D:10:     layout_gridville, uniq_josephine
D:11:     layout_cave_pools, gammafunk_ghost_spectres, serial_park,
          serial_park_square2, serial_park_gazebo [serial_park_minivault_5x5_4],
          serial_park_tiny_1, serial_park_tiny_2,
          nicolae_shop_i_like_small_books_too, uniq_fannar
D:12:     layout_long_grid
D:13:     layout_long_grid, erik_vaults_1, nzn_ghost_randoct, uniq_frances,
          uniq_maurice
D:14:     layout_small_grid, kennysheep_cluttered_room, trog_hazing_becter
D:15:     hangedman_depths_entry_try_elsewhere_first, layout_loops_ring,
          serial_bayou_pond_e, gammafunk_ghost_cemetery
Temple:   nicolae_temple_bog_church
Lair:1:   layout_hall_layers, grunt_megastairs_3
Lair:2:   layout_chaotic_city, nicolae_snake_entry_squirm,
          grunt_forest_large_clearing_hut
Lair:3:   minmay_lair_oklob_tunnel, layout_misc_corridors,
          minmay_shoals_entry_hut, minivault_11, grunt_megastairs_2
Lair:4:   layout_cave_pods, slime_entry_1, columned_hall_lemuel
Lair:5:   evilmike_catoblepas_cave, layout_long_grid, kilobyte_rumbling_trees
Shoals:1: nicolae_shoals_deep_elves_summer_vacation, layout_shoals,
          nicolae_shoals_lost_giant_pillars
Shoals:2: layout_shoals, ldierk_geyser, nicolae_shoals_kraken_party
Shoals:3: layout_shoals, st_sunken_temple, uniq_ilsuiw
Shoals:4: shoals_end_simple, layout_shoals, shoal_ilsuiw, uniq_kirke
Snake:1:  layout_honeycomb, serial_bayou_shore_b, uniq_jorgrun
Snake:2:  cheibrodos_toxic_ritual, layout_misc_corridors, st_stairs_6
Snake:3:  layout_chambers, nicolae_triple_integral
Snake:4:  johnstein_snake_rune_scales, layout_cave_town, serial_shops, shop
Orc:1:    layout_caves, nicolae_orc_pool_cavern, kennysheep_orc_sif_temple
Orc:2:    st_orc_open, layout_caves, gauntlet_entry_generic,
          portal_ice_cave_demonic_guard, nicolae_orc_lost_temple
Vaults:1: nicolae_vaults_door_testing_chamber, v_alt_pattern_5,
          hangedman_vaults_variations, nicolae_vaults_diamond_2,
          vaults_room_octagon, nicolae_vaults_trapezoid_1,
          nicolae_vaults_tetromino_L_1, dpeg_vaults_monster_row,
          ontoclasm_vaults_chip, layout_vaults_omnigrid
Vaults:2: nicolae_vaults_offset_grid_hallway_3, nicolae_vaults_quartermaster,
          nicolae_vaults_offset_grid_hallway_3, v_misc_1,
          nicolae_vaults_house_3, nicolae_vaults_shrinking_rooms_1,
          nicolae_vaults_specimen_jars, nicolae_vaults_trapezoid_1,
          nicolae_vaults_yaktaur_gun_rack, nicolae_vaults_rhombus_6,
          vaults_dpeg_diagonal, nicolae_vaults_frosty_reception,
          layout_vaults_ring
Vaults:3: nicolae_vaults_network_square, v_rooms_6, nicolae_vaults_mush_room,
          v_misc_18, hangedman_vaults_nodes, minmay_crypt_entry_nasty_monster,
          nicolae_vaults_network_s, v_misc_25, vaults_dpeg_encased_lava,
          ontoclasm_vaults_gateway, nicolae_vaults_double_plus_2,
          layout_vaults_big_room, enter_trove_1, uniq_asterion, uniq_frederick,
          uniq_saint_roka
Vaults:4: v_misc_18, st_squares, vaults_mumra_hex, ontoclasm_vaults_ring_square,
          ontoclasm_vaults_chip, vaults_room_semicircle, vaults_room_large_hall,
          nicolae_vaults_little_squares_5, nicolae_vaults_little_squares_4,
          nicolae_vaults_closet_pinwheel_6, v_pattern_1,
          hangedman_vaults_capsules, ontoclasm_vaults_decontamination,
          grunt_vaults_hallway_long, nicolae_vaults_trapezoid_2, v_misc_15,
          layout_vaults_big_cross

Skill      XL: |  1  2  3  4  5  6  7  8  9 10 11 12 13 14 15 16 17 18 19 20 |
---------------+-------------------------------------------------------------+-----
Maces & Flails | 3 4 5 6 7 10 14 16 18 19 20 | 20.0
Fighting       | 8 9 13 15 16 17 19 | 19.1
Armour         | 5 6 10 11 12 13 15 | 15.6
Shields        | 5 9 12 14 15 19 | 19.8
Throwing       | 1 |  1.7
Invocations    | 1 9 |  9.1
Evocations     | 5 6 9 |  9.1
Dodging        | 2 6 8 10 | 10.2

Action                     |  1- 3 |  4- 6 |  7- 9 | 10-12 | 13-15 | 16-18 | 19-21 || total
---------------------------+-------+-------+-------+-------+-------+-------+-------++-------
  Melee: Flail             |    71 |   203 |   283 |    17 |       |       |       ||   574
         Morningstar       |       |       |       |   281 |       |    73 |       ||   354
         Great mace        |       |       |       |   178 |   981 |   242 |       ||  1401
         Eveningstar       |       |       |       |       |       |  1187 |  1153 ||  2340
  Throw: Stone             |       |     6 |    13 |    39 |    34 |    64 |     1 ||   157
         Javelin           |       |     3 |       |       |       |       |       ||     3
         Dart              |       |       |     2 |       |       |       |       ||     2
 Invoke: Heroism           |       |       |     1 |     7 |     3 |       |       ||    11
         Finesse           |       |       |       |     5 |    14 |    15 |    15 ||    49
  Evoke: Wand              |       |       |    19 |    30 |    10 |    29 |       ||    88
         Lightning rod     |       |       |       |       |     4 |     9 |     4 ||    17
    Use: Scroll            |     4 |    14 |     3 |    11 |    10 |     8 |     7 ||    57
         Potion            |     1 |       |     2 |     1 |     1 |     2 |     2 ||     9
   Stab: Paralysed         |       |       |       |       |     1 |       |       ||     1
         Distracted        |       |       |       |       |       |       |     1 ||     1
 Armour: Scale mail        |    22 |       |       |       |       |       |       ||    22
         Ring mail         |    10 |    74 |    24 |       |       |       |       ||   108
         Skin              |       |       |     7 |       |       |       |       ||     7
         Plate armour      |       |       |    72 |   253 |   607 |   810 |   411 ||  2153
  Dodge: Dodged            |    28 |    91 |    65 |    94 |   244 |   340 |   242 ||  1104
  Block: Buckler           |    12 |    40 |    70 |   117 |       |       |       ||   239
         Reflection        |       |       |     5 |     2 |     8 |    85 |    27 ||   127
         Other             |       |       |       |    32 |   147 |    47 |       ||   226
         Kite shield       |       |       |       |       |       |   957 |   788 ||  1745
